 Dungeon Crawl Stone Soup version 0.26-a0-611-g354ed81502 (webtiles) character file.

Game seed: 9158078434335057334

8198 Armakuni the Fighter (level 11, -4/90 HPs)
             Began as a Human Wanderer on Sept 6, 2020.
             Was an Initiate of Gozag.
             Slain by a white ugly thing (12 damage)
             ... on level 10 of the Dungeon on Sept 7, 2020.
             The game lasted 00:28:04 (14371 turns).

Armakuni the Fighter (Human Wanderer)              Turns: 14371, Time: 00:28:04

Health: -4/90      AC: 15    Str: 14    XL:     11   Next: 51%
Magic:  0/14       EV: 14    Int: 13    God:    Gozag
Gold:   970        SH:  0    Dex: 14    Spells: 11/14 levels left

rFire    . . .     SeeInvis .   a - +4 quarterstaff (chaos)
rCold    . . .     Faith    .   (shield currently unavailable)
rNeg     . . .     Spirit   +   r - +0 scale mail
rPois    +         Reflect  .   m - +1 helmet
rElec    .         Harm     .   w - +0 cloak
rCorr    +                      L - +0 pair of gloves
MR       .....                  O - +0 pair of boots
Stlth    ..........             G - amulet of guardian spirit
HPRegen  0.25/turn              P - ring of poison resistance
MPRegen  0.14/turn              K - ring of resist corrosion

@: no status effects
A: no striking features
a: Potion Petition, Call Merchant, Bribe Branch, Renounce Religion


You were on level 10 of the Dungeon.
You worshipped Gozag.
Gozag was pleased with you.
You visited 2 branches of the dungeon, and saw 11 of its levels.
You also visited: Bailey.

You collected 1903 gold pieces.
You spent 202 gold pieces at shops.
You paid 731 gold pieces to Gozag.

Inventory:

Hand Weapons
 a - a +4 quarterstaff of chaos (weapon)
 b - a +0 arbalest
 v - a +0 quarterstaff
Missiles
 d - 212 arrows
 h - 153 bolts
 i - 54 poisoned darts (quivered)
 t - 11 boomerangs
Armour
 m - a +1 helmet (worn)
 r - a +0 scale mail (worn)
 w - a +0 cloak (worn)
 y - a +0 chain mail
 z - a +0 plate armour
 B - a +0 helmet of intelligence
 E - the +4 scale mail "Zusitwau" {Harm Int+3}
   (You found it on level 8 of the Dungeon)

   It affects your intelligence (+3).
   It increases damage dealt and taken.
 L - a +0 pair of gloves (worn)
 O - a +0 pair of boots (worn)
Magical Staves
 N - an uncursed staff of death
Jewellery
 A - an uncursed ring of protection from fire
 D - an uncursed ring of protection from cold
 G - an amulet of guardian spirit (around neck)
 K - a ring of resist corrosion (right hand)
 P - a ring of poison resistance (left hand)
Wands
 f - a wand of enslavement (11)
 M - a wand of polymorph (6)
Scrolls
 j - a scroll of identify
 l - 8 scrolls of teleportation
 p - 2 scrolls of remove curse
 x - a scroll of immolation
 J - 3 scrolls of enchant weapon
 Q - a scroll of enchant armour
Potions
 c - 4 potions of curing
 e - 6 potions of stabbing
 g - 2 potions of mutation
 k - a potion of berserk rage
 n - a potion of cancellation
 o - 2 potions of might
 q - 3 potions of haste
 s - 2 potions of lignification
 u - a potion of brilliance
 C - 2 potions of heal wounds
 F - a potion of flight
 H - 5 potions of resistance
 I - 3 potions of ambrosia


   Skills:
 - Level 10.0 Fighting
 - Level 4.0 Staves
   Level 3.0 Bows
 - Level 10.0 Armour
 + Level 9.0 Dodging
 - Level 1.0 Stealth
   Level 1.0 Shields
 - Level 2.0 Spellcasting
   Level 1.0 Poison Magic


You had 11 spell levels left.
You knew the following spells:

 Your Spells              Type           Power        Failure   Level
b - Blink                 Tloc           N/A          77%         2
z - Magic Dart            Conj           #...         63%         1

Your spell library contained the following spells:

 Spells                   Type           Power        Failure   Level
 Call Imp                 Summ           #.......     77%         2
 Slow                     Hex            #.......     77%         2
 Mephitic Cloud           Conj/Pois/Air  #.......     91%         3
 Conjure Flame            Conj/Fire      #.......     94%         3


Dungeon Overview and Level Annotations

Branches:
Dungeon (10/15)            Temple (1/1) D:7            Lair (0/6) D:9
 Bailey (visited)
    Orc: D:9-12

Altars:
Ashenzari
Cheibriados
Dithmenos
Elyvilon
Fedhas
Gozag
Hepliaklqana
Kikubaaqudgha
Makhleb
Nemelex Xobeh
Okawaru
Qazlal
Ru
Sif Muna
Trog
Uskayaw
Vehumet
Wu Jian
Xom
Yredelemnul
Zin
The Shining One

Shops:
D:7 [

Annotations:
D:6 2 transporters
D:10 Grum


Message History

The white ugly thing seems to grow stronger.
The white ugly thing is moderately wounded.
The white ugly thing pecks you. The white ugly thing freezes you!!
You thump the white ugly thing!
The white ugly thing seems to slow down.
The white ugly thing is heavily wounded.
The jelly is no longer paralysed.
You hit the white ugly thing.
Lightning courses through the white ugly thing!
The white ugly thing is almost dead.
The white ugly thing closely misses you.
You closely miss the white ugly thing.
The white ugly thing is almost dead.
The white ugly thing pecks you. The white ugly thing freezes you!!
* * * LOW HITPOINT WARNING * * *
You hit the white ugly thing.
The white ugly thing is almost dead.
The white ugly thing pecks you!
You die...
Your body crumbles into a pile of gold.

..# #........# ..#
###'###### ..# ##.# .
### #..# .# #.## ..# #.#
.... ## ###'#######
.....
.####.........####......
.'.##.........#.@u......
.#.##.........#J##......
.#..#.........'.# .....
.##.'.........### ....
.####.........# ### ##
#.........# #######'###
#..# # #.##


You could see a white ugly thing (strong, agile, slow) and a jelly.

Vanquished Creatures
  A two-headed ogre (D:8)
  A queen bee (D:10)
  A hornet (D:8)
  Grinder (D:3)
  Sigmund (D:5)
  3 hippogriffs
  A swamp drake (D:10)
  8 orc warriors
  3 sky beasts
  A black bear (D:8)
  An ice beast (D:7)
  5 ogres
  4 phantoms
  4 centaurs
  4 wolves (D:9)
  A big kobold (D:9)
  6 bullfrogs
  3 scorpions
  22 killer bees
  4 howler monkeys (D:9)
  8 wights
  3 jellies (D:7)
  A quasit (D:7)
  A centaur zombie (D:5)
  6 orc priests
  Crazy Yiuf (D:5)
  4 hounds
  6 orc wizards
  A bullfrog skeleton (D:5)
  2 centaur skeletons
  6 iguanas
  7 worker ants
  Ijyb (D:5)
  2 worker ant zombies
  6 gnolls
  9 adders
  2 shadow imps
  2 white imps
  An adder zombie (D:6)
  2 adder skeletons
  3 worms (D:3)
  2 dart slugs
  9 leopard geckos
  42 orcs
  5 giant cockroaches
  14 goblins
  7 hobgoblins
  4 jackals
  3 quokkas
  4 ball pythons
  A ball python zombie (D:5)
  6 bats
  6 frilled lizards
  A giant cockroach zombie (D:6)
  10 kobolds
  2 leopard gecko skeletons
  2 leopard gecko zombies
  A quokka skeleton (D:9)
  5 rats
273 creatures vanquished.

Vanquished Creatures (others)
  A killer bee (D:8)
  2 plants (D:9)
3 creatures vanquished.

Grand Total: 276 creatures vanquished

Notes
Turn   | Place    | Note
-------+----------+-------------------------------------------
     0 | D:1      | Armakuni the Human Wanderer began the quest for the Orb.
     0 | D:1      | Armakuni set off with the following items: a +0 dagger, a
                  | scroll of teleportation, a potion of lignification, a +0
                  | robe; and the following spell memorised: Magic Dart; and
                  | the following spells available to memorise: Blink, Call
                  | Imp, Slow, Mephitic Cloud, Conjure Flame
     0 | D:1      | Reached XP level 1. HP: 15/15 MP: 3/3
   430 | D:1      | Reached XP level 2. HP: 22/22 MP: 3/5
   495 | D:1      | Learned a level 2 spell: Blink
  1441 | D:2      | Reached XP level 3. HP: 26/28 MP: 0/6
  1748 | D:2      | Reached XP level 4. HP: 35/37 MP: 7/7
  1815 | D:2      | Found a white marble altar of Elyvilon.
  2451 | D:2      | Reached XP level 5. HP: 42/42 MP: 8/8
  3093 | D:3      | Noticed Grinder
  3103 | D:3      | Paralysed by Grinder for 5 turns
  3117 | D:3      | Paralysed by Grinder for 2 turns
  3134 | D:3      | Killed Grinder
  3134 | D:3      | Reached XP level 6. HP: 48/48 MP: 9/9
  3385 | D:3      | Reached XP level 7. HP: 53/54 MP: 10/10
  4155 | D:4      | Found a stormy altar of Qazlal.
  4768 | D:4      | Found an opulent altar of Gozag.
  4791 | D:4      | Became a worshipper of Gozag Ym Sagoz the Greedy
  4809 | D:4      | Reached skill level 5 in Armour
  5057 | D:5      | Entered Level 5 of the Dungeon
  5089 | D:5      | Reached XP level 8. HP: 54/61 MP: 11/11
  5164 | D:5      | Noticed Ijyb
  5181 | D:5      | Killed Ijyb
  5181 | D:5      | Reached skill level 5 in Fighting
  5385 | D:5      | Noticed Sigmund
  5395 | D:5      | Killed Sigmund
  5620 | D:5      | Found a glowing golden altar of the Shining One.
  5622 | D:5      | Noticed a hippogriff
  5630 | D:5      | Killed a hippogriff
  6332 | D:5      | Found a runed translucent door.
  6333 | D:5      | Noticed Crazy Yiuf
  6385 | D:5      | Killed Crazy Yiuf
  6385 | D:5      | Reached XP level 9. HP: 65/74 MP: 9/12
  6696 | D:6      | Found a transporter.
  7112 | D:6      | Found a transporter.
  7582 | D:6      | Reached skill level 10 in Fighting
  7803 | D:6      | Reached skill level 1 in Dodging
  8258 | D:7      | Found a staircase to the Ecumenical Temple.
  8280 | Temple   | Entered the Ecumenical Temple
  8453 | D:7      | Bought a shiny helmet for 202 gold pieces
  8489 | D:7      | Found a flagged portal.
  8518 | Bailey   | Entered a bailey
  8603 | Bailey   | Reached XP level 10. HP: 81/85 MP: 13/13
  9427 | D:7      | Found a radiant altar of Vehumet.
 10169 | D:7      | Reached skill level 5 in Dodging
 10228 | D:7      | Found a glowing silver altar of Zin.
 10228 | D:7      | Found a bloodstained altar of Trog.
 10235 | D:7      | Found an iron altar of Okawaru.
 10237 | D:7      | Found a hazy altar of Hepliaklqana.
 10239 | D:7      | Found an opulent altar of Gozag.
 10744 | D:8      | Noticed a two-headed ogre
 11302 | D:8      | Killed a two-headed ogre
 11508 | D:8      | Got a blackened scale mail
 11519 | D:8      | Identified the +4 scale mail "Zusitwau" {Harm Int+3} (You
                  | found it on level 8 of the Dungeon)
 12246 | D:8      | Noticed a purple ugly thing
 12290 | D:9      | Found a staircase to the Lair.
 12691 | D:9      | Reached XP level 11. HP: 81/90 MP: 11/14
 13564 | D:10     | Entered Level 10 of the Dungeon
 13564 | D:10     | Noticed Grum
 13964 | D:10     | Reached skill level 10 in Armour
 14361 | D:10     | Noticed a white ugly thing
 14371 | D:10     | Slain by a white ugly thing

Illustrated notes

Levels and vault maps discovered:
D:1:      tarquinn_simple_flora_water_d, layout_basic, minivault_26,
          minmay_misc_feat_secret_circle
D:2:      layout_loops_ring, elyvilon_altar_1, minmay_tripent
D:3:      cheibrodos_greedy_goblins, layout_loops_cross, uniq_grinder
D:4:      layout_loops_ring, kennysheep_mini_moat, grunt_gozag_breadcrumbs
D:5:      layout_loops_corners, tso_metal_star, uniq_ijyb,
          uniq_crazy_yiuf_cottage, uniq_sigmund
D:6:      gammafunk_steamed_eel, layout_loops_corners
D:7:      layout_loops_corners, chequers_temple_overflow_minitemple,
          fiery_altar_vehumet, minmay_temple_entry_junction, enter_bailey_3
D:8:      layout_basic, minmay_misc_feat_chi
D:9:      layout_gridville, dpeg_oklobed_lair, amethyst_killhole
D:10:     layout_roguey, orc_0_dummy, basic_altar, special_room
          [special_room_bee], uniq_grum
Temple:   nicolae_temple_god_jail

Skill      XL: |  1  2  3  4  5  6  7  8  9 10 11 |
---------------+----------------------------------+-----
Fighting       | 2 3 4 8 10 | 10.0
Armour         | 3 5 6 8 10 | 10.0
Staves         | 2 3 4 |  4.0
Dodging        | 3 7 9 |  9.0
Bows           | |  3.0
Stealth        | |  1.0
Shields        | |  1.0
Spellcasting   | |  2.0
Poison Magic   | |  1.0

Action                   |  1- 3 |  4- 6 |  7- 9 | 10-12 || total
-------------------------+-------+-------+-------+-------++-------
Melee: Dagger            |    21 |       |       |       ||    21
       Quarterstaff      |     5 |   143 |   419 |   467 ||  1034
 Fire: Arbalest          |       |       |       |    18 ||    18
Throw: Dart              |    12 |     9 |    25 |       ||    46
       Throwing net      |     2 |       |     1 |       ||     3
 Cast: Magic Dart        |    40 |       |       |       ||    40
Invok: Call Merchant     |       |       |     1 |       ||     1
Evoke: Wand              |       |       |     9 |     8 ||    17
  Use: Scroll            |     3 |     2 |    10 |     7 ||    22
       Potion            |       |     2 |     2 |     1 ||     5
 Stab: Held in net/web   |       |       |     1 |       ||     1
       Paralysed         |       |       |     4 |     8 ||    12
       Confused          |       |       |     1 |     1 ||     2
       Distracted        |       |       |       |     1 ||     1
       Petrified         |       |       |       |     1 ||     1
Armor: Robe              |     4 |       |       |       ||     4
       Ring mail         |       |    65 |   150 |     1 ||   216
       Skin              |       |    18 |       |       ||    18
       Scale mail        |       |       |       |   262 ||   262
Dodge: Dodged            |    39 |    75 |   213 |   408 ||   735

Table legend: (Time is in decaauts)
 A = Elapsed time spent in this place.
 B = Non-inter-level travel time spent in this place.
 C = Inter-level travel time spent in this place.
 D = Time resting spent in this place.
 E = Time spent auto-exploring this place.
 F = Levels seen in this place.
 G = Mean time per level.
                   A        B        C        D        E       F      G
               +--------+--------+--------+--------+--------+-----+--------+
         Total |  14526 |  14121 |    405 |   2816 |   8036 |  12 | 1210.5 |
       Dungeon |  14067 |  13662 |    405 |   2687 |   7955 |  10 | 1406.7 |
        Temple |     96 |     96 |      0 |      0 |     81 |   1 |   96.0 |
        Bailey |    361 |    361 |      0 |    129 |      0 |   1 |  361.0 |
               +--------+--------+--------+--------+--------+-----+--------+

Top non-repeatable levels by time:
     D:7: 2093 daAuts
     D:8: 1781 daAuts
     D:6: 1761 daAuts
     D:5: 1442 daAuts
     D:1: 1403 daAuts
     D:2: 1336 daAuts
     D:3: 1253 daAuts
     D:9: 1249 daAuts
     D:4: 1112 daAuts
    D:10: 632 daAuts
  Bailey: 361 daAuts
  Temple: 96 daAuts
